 Dungeon Sprint DCSS version 0.27.1-1-g398f81649c (webtiles) character file.

Game seed: 34705526623749144

2219 boopmooplesden the Protected (level 9, 0/92 HPs)
             Began as a Minotaur Fighter on Sept 19, 2021.
             Was a Believer of Okawaru.
             Succumbed to a death drake's dark miasma
             ... in the Dungeon (Sprint II: "The Violet Keep of Menkaure").
             The game lasted 00:04:03 (988 turns).

boopmooplesden the Protected (Minotaur Fighter)      Turns: 988, Time: 00:04:04

Health: 0/92       AC: 14    Str: 24    XL:     9   Next: 13%
Magic:  8/8        EV: 11    Int:  5    God:    Okawaru [**....]
Gold:   332        SH: 13    Dex: 12    Spells: 8/8 levels left

rFire    . . .     SeeInvis .   d - +5 long sword "Ycucsig" {elec, rC+}
rCold    + . .     Faith    .   c - +0 kite shield
rNeg     . . .     Spirit   .   k - +4 ring mail of Resonance {Rampage Str+2}
rPois    .         Reflect  .   (helmet restricted)
rElec    .         Harm     .   (no cloak)
rCorr    .         Rampage  +   (no gloves)
Will     .....     NoTele   +   f - +1 pair of boots {Stlth+}
Stlth    ++........             (no amulet)
HPRegen  0.25/turn              (no ring)
MPRegen  0.11/turn              (no ring)

@: lethally poisoned (0 -> -48), slowed, very slow
A: horns 2, retaliatory headbutt
a: Renounce Religion, Heroism


You were in the Dungeon.
You worshipped Okawaru.
Okawaru was pleased with you.
You visited 1 branch You collected 1068 gold pieces.
You spent 736 gold pieces at shops.

Inventory:

Hand Weapons
 a - a +0 war axe
 d - the +5 long sword "Ycucsig" (weapon) {elec, rC+}
   (You bought it in a shop in the Dungeon)

   It occasionally discharges a powerful burst of electricity upon striking a
   foe.
   rC:        It protects you from cold.
Armour
 b - a +0 scale mail
 c - a +0 kite shield (worn)
 f - a +1 pair of boots of stealth (worn)
 k - the +4 ring mail of Resonance (worn) {Rampage Str+2}
   (You bought it in a shop in the Dungeon)

   Str:       It affects your strength (+2).
   Rampage:   It bestows one free step when moving towards enemies.
Scrolls
 j - a scroll of blinking
Potions
 e - a potion of curing
 g - a potion of haste
 h - 2 potions of magic
 i - a potion of berserk rage
 l - a potion of heal wounds


   Skills:
 + Level 12.6 Fighting
 + Level 5.1 Long Blades
 + Level 10.9 Axes
 + Level 13.1 Armour
 + Level 3.1 Dodging
 + Level 1.8 Stealth
 + Level 11.9 Shields


You had 8 spell levels left.
You didn't know any spells.
Your spell library was empty.

Dungeon Overview and Level Annotations

Branches:
Dungeon (1/1)

Altars:
Cheibriados
Dithmenos
Elyvilon
Fedhas
Gozag
Hepliaklqana
Kikubaaqudgha
Makhleb
Nemelex Xobeh
Okawaru
Qazlal
Ru
Sif Muna
Trog
Uskayaw
Vehumet
Wu Jian
Xom
Yredelemnul
Zin
The Shining One
Beogh
Jiyva
Lugonu

Shops:
D [:::!?=[=!(!:!(

Annotations:
D exclusions: oklob plant and orange crystal statue


Innate Abilities, Weirdness & Mutations

You have a pair of horns on your head.
You reflexively headbutt those who attack you in melee.


Message History

You are engulfed in noxious fumes.
You choke on the stench!
You are confused.
The death drake barely misses you. The death drake misses you.
You miss the death drake. You headbutt the death drake!
The death drake is almost dead.
You are engulfed in noxious fumes.
You choke on the stench!
You are more confused.
The death drake bites you but does no damage.
Unknown command.
You miss the death drake. You headbutt the death drake.
The death drake is almost dead.
The death drake breathes miasma at you. The foul vapour engulfs you.
You are poisoned.
The death drake bites you but does no damage.
You bump into the stone wall.
You are engulfed in dark miasma.
You are more poisoned.
You feel extremely sick.
The death drake bites you but does no damage.
You miss the death drake.
The death drake is almost dead.
You are engulfed in dark miasma.
You are more poisoned.
You feel yourself slow down.
You feel extremely sick. The death drake barely misses you.
The death drake bites you but does no damage.
You bump into the stone wall.
You are engulfed in dark miasma.
You are lethally poisoned!
You feel as though you will be slow longer.
You feel less confused.
* * * LOW HITPOINT WARNING * * *
You feel extremely sick. The death drake bites you.
* * * LOW HITPOINT WARNING * * *
The death drake bites you but does no damage.
You closely miss the death drake. You headbutt the death drake!
You kill the death drake!
Okawaru is honoured by your kill.
You die... §§8≈§≈§≈# §§§§§≈ ^^. §≈≈§ ... ++#+++## ... ## ÷......# .. .# ##'##..# #. k# #†#.##.#### +.##k .##..# ...# #^..#### ##†.####..## #.@##.# ?$!$( ##'###.##..# +..#..# !(!![

##.###..#..# #..#..#▓)![??
'.<.'.##+..####..##.#▓!$)("
##.###..#....###...##▓▓▓▓▓▓
##'###.##......≈()≈≈≈≈≈≈≈≈≈
#.#.####≈≈.....≈#'########+
.###.#§≈≈≈≈≈≈..≈#_÷_._...#≈
#.#.##§≈≈§≈≈≈§.≈#._._._._#≈


You could see a death drake and a swamp drake.

Vanquished Creatures
  A death drake (D)
  A merfolk siren (D)
  A yaktaur (D)
  3 polar bears (D)
  A hornet (D)
  A blink frog (D)
  2 wyverns (D)
  Menkaure (D)
  2 water moccasins (D)
  4 scorpions (D)
  3 worms (D)
20 creatures vanquished.

Notes
Turn   | Place    | Note
-------+----------+-------------------------------------------
     0 | D        | boopmooplesden the Minotaur Fighter began the quest for the
                  | Orb.
     0 | D        | Reached XP level 1. HP: 19/19 MP: 0/0
     1 | D        | Noticed a scorpion
     1 | D        | Noticed a scorpion
     3 | D        | Killed a scorpion
     4 | D        | Reached skill level 6 in Armour
     4 | D        | Reached skill level 5 in Shields
     4 | D        | Reached XP level 2. HP: 27/30 MP: 1/1
     4 | D        | Reached XP level 3. HP: 33/37 MP: 2/2
     7 | D        | Killed a scorpion
     8 | D        | Reached skill level 7 in Armour
     8 | D        | Reached XP level 4. HP: 27/47 MP: 3/3
     9 | D        | Noticed a scorpion
     9 | D        | Noticed a scorpion
    12 | D        | Killed a scorpion
    13 | D        | Reached skill level 8 in Armour
    13 | D        | Reached XP level 5. HP: 21/53 MP: 4/4
    15 | D        | Reached skill level 9 in Armour
    26 | D        | Noticed a water moccasin
    27 | D        | Noticed Menkaure
    28 | D        | Killed a water moccasin
    29 | D        | Reached XP level 6. HP: 13/63 MP: 5/5
    31 | D        | Killed Menkaure
    32 | D        | Reached skill level 5 in Axes
   230 | D        | Noticed a wyvern
   230 | D        | Noticed a wyvern
   235 | D        | Killed a wyvern
   236 | D        | Reached skill level 10 in Fighting
   236 | D        | Reached skill level 10 in Armour
   236 | D        | Reached skill level 10 in Shields
   239 | D        | Killed a wyvern
   240 | D        | Reached skill level 11 in Armour
   240 | D        | Reached XP level 7. HP: 33/73 MP: 6/6
   419 | D        | Noticed a merfolk siren
   427 | D        | Killed a merfolk siren
   428 | D        | Reached skill level 12 in Armour
   428 | D        | Reached skill level 1 in Dodging
   450 | D        | Noticed an orange crystal statue
   465 | D        | Reached XP level 8. HP: 36/82 MP: 7/7
   465 | D        | Found Haing's Distillery.
   466 | D        | Found Cuesh's Distillery.
   466 | D        | Found Xoluk's Book Boutique.
   466 | D        | Found Yto Unaj's Antique Weapon Shop.
   467 | D        | Found Rotzitio's Distillery.
   467 | D        | Found Moezyusa's Weapon Shop.
   468 | D        | Found Jeorghes's Antique Armour Shop.
   468 | D        | Found Pulosmyn's Jewellery Boutique.
   469 | D        | Found Zitrimit's Jewellery Shop.
   470 | D        | Found Locvot's Magic Scroll Shop.
   470 | D        | Found Guas's Distillery.
   470 | D        | Noticed a polar bear
   470 | D        | Noticed a polar bear
   471 | D        | Noticed a hell hog
   480 | D        | Found Qypergh's Book Shop.
   480 | D        | Found Ykhuvedd's Book Boutique.
   480 | D        | Noticed an oklob plant
   481 | D        | Found Linka's Antique Armour Boutique.
   481 | D        | Found Horudu's Book Shoppe.
   481 | D        | Noticed a hell hog
   482 | D        | Bought an ancient long sword for 187 gold pieces
   482 | D        | Identified the +5 long sword "Ycucsig" {elec, rC+} (You
                  | bought it in a shop in the Dungeon)
   492 | D        | Bought a pair of glowing boots for 202 gold pieces
   502 | D        | Noticed an iron elemental
   503 | D        | Bought a pearl-encrusted ring mail for 207 gold pieces
   503 | D        | Identified the +4 ring mail of Resonance {Rampage Str+2}
                  | (You bought it in a shop in the Dungeon)
   521 | D        | Bought a potion of heal wounds for 70 gold pieces
   521 | D        | Bought a potion of heal wounds for 70 gold pieces
   682 | D        | Noticed a blink frog
   685 | D        | Killed a blink frog
   686 | D        | Reached skill level 1 in Long Blades
   704 | D        | Found an iron altar of Okawaru.
   704 | D        | Found an opulent altar of Gozag.
   706 | D        | Found a sparkling altar of Nemelex Xobeh.
   706 | D        | Found a blossoming altar of Fedhas.
   707 | D        | Found a radiant altar of Vehumet.
   707 | D        | Found a burning altar of Makhleb.
   707 | D        | Found a white marble altar of Elyvilon.
   708 | D        | Found a hide-covered altar of Uskayaw.
   708 | D        | Found a corrupted altar of Lugonu.
   708 | D        | Found a shadowy altar of Dithmenos.
   709 | D        | Found a glowing silver altar of Zin.
   709 | D        | Found a bloodstained altar of Trog.
   709 | D        | Found an ancient bone altar of Kikubaaqudgha.
   710 | D        | Found a basalt altar of Yredelemnul.
   710 | D        | Found a shimmering blue altar of Sif Muna.
   710 | D        | Found a viscous altar of Jiyva.
   711 | D        | Found a shimmering altar of Xom.
   711 | D        | Found a sacrificial altar of Ru.
   713 | D        | Found a glowing golden altar of the Shining One.
   713 | D        | Found an ornate altar of the Wu Jian Council.
   713 | D        | Found a stormy altar of Qazlal.
   713 | D        | Found a snail-covered altar of Cheibriados.
   713 | D        | Found a hazy altar of Hepliaklqana.
   713 | D        | Noticed a hornet
   713 | D        | Noticed a polar bear
   714 | D        | Noticed a yaktaur
   714 | D        | Noticed a polar bear
   716 | D        | Became a worshipper of Warmaster Okawaru
   720 | D        | Noticed a flying skull
   722 | D        | Noticed a polar bear
   726 | D        | Killed a polar bear
   731 | D        | Killed a polar bear
   732 | D        | Reached skill level 10 in Axes
   732 | D        | Reached skill level 1 in Stealth
   736 | D        | Killed a polar bear
   736 | D        | Reached * piety under Okawaru
   736 | D        | Killed a hornet
   737 | D        | Reached skill level 13 in Armour
   737 | D        | Reached XP level 9. HP: 49/91 MP: 8/8
   740 | D        | Killed a yaktaur
   740 | D        | Reached ** piety under Okawaru
   741 | D        | Reached skill level 5 in Long Blades
   973 | D        | Noticed a death drake
   976 | D        | Noticed a death drake
   979 | D        | Noticed a crystal guardian
   988 | D        | Killed a death drake
   988 | D        | Succumbed to a death drake's dark miasma

Illustrated notes

Levels and vault maps discovered:
D:        the_violet_keep_of_menkaure [sprint2_stairs_cluster_1,
          sprint2_shoproom, sprint2_temple, sprint2_basic_supplies,
          sprint2_obstacle_5, sprint2_obstacle_1, sprint2_obstacle_4,
          sprint2_obstacle_7, sprint2_obstacle_3, sprint2_timed_cluster_1,
          sprint2_smallroom_cluster_1, sprint2_smallroom_final_cluster_1,
          sprint2_transparent_cluster_1, sprint2_second_timed_cluster_1,
          sprint2_sniper_area_1, sprint2_heavy_combat_area_1,
          sprint2_mutation_trap_area_1, sprint2_forest_area_1,
          sprint2_light_combat_area_1, sprint2_behind_water_1,
          sprint2_near_end_vault_1]

Skill      XL: |  1  2  3  4  5  6  7  8  9 |
---------------+----------------------------+-----
Fighting       | 6 7 8 9 10 11 12 | 12.6
Axes           | 3 4 6 8 10 | 10.9
Armour         | 6 7 8 9 11 12 13 | 13.1
Shields        | 5 6 7 8 10 11 | 11.9
Dodging        | 1 2 3 |  3.1
Long Blades    | 4 5 |  5.1
Stealth        | 1 |  1.8

Action                   |  1- 3 |  4- 6 |  7- 9 || total
-------------------------+-------+-------+-------++-------
Melee: War axe           |     5 |    16 |    25 ||    46
       Headbutt          |     2 |     5 |    17 ||    24
       Long sword        |       |       |    30 ||    30
  Use: Potion            |     1 |     1 |     1 ||     3
 Stab: Sleeping          |       |       |     1 ||     1
Armor: Scale mail        |     1 |     4 |     6 ||    11
       Ring mail         |       |       |    23 ||    23
Dodge: Dodged            |     1 |     7 |    26 ||    34
Block: Kite shield       |     1 |     4 |    27 ||    32
       Rpst.: Long sword |       |       |     5 ||     5
